AoeStats
← GorbGorb

Arabia

510185696Analyzed
2v2 RM · 16h ago on Sep 29, 2026· 49m 56s· 4 players
Game mode
Random Map
Map size
Medium (4 player)
Population
200
Speed
Normal
Resources
Standard
Victory
Conquest
Starting age
Dark Age
Ending age
Imperial Age
RankedLock teamsTeams togetherTeam positionsShared explorationLock speedFull tech treeHidden civsTurbo modeCheats
Victory
Defeat
🇩🇪 Romans · Germany
994
+16
🇩🇪 Italians · Germany
986
+16
🇦🇷 Koreans · Argentina
986
-16
🇦🇷 Mongols · Argentina
985
-16
kin
2:01 Loom
9:39 Feudal Age
10:07 Double-Bit Axe
18:38 Horse Collar
23:24 Castle Age
21:22 Fletching
21:33 Padded Archer Armor
21:38 Scale Barding Armor
22:39 Gold Mining
23:00 Forging
25:24 Bloodlines
25:15 Husbandry
25:20 Bodkin Arrow
25:40 Leather Archer Armor
25:50 Bow Saw
26:23 Wheelbarrow
30:47 Stone Mining
31:34 Gold Shaft Mining
34:54 Hand Cart
36:09 Chain Barding Armor
36:26 Iron Casting
39:32 Ballistics
39:08 Murder Holes
46:06 Imperial Age
43:24 Town Watch
45:02 Heavy Plow
46:34 Elite Steppe Lancer
49:01 Chemistry
RonDamon
10:31 Loom
12:48 Feudal Age
13:59 Double-Bit Axe
15:43 Gold Mining
25:14 Fletching
28:46 Castle Age
28:49 Elite Skirmisher
29:37 Thumb Ring
29:56 Husbandry
31:30 Scale Barding Armor
Pyrox
6:16 Loom
10:08 Feudal Age
10:41 Double-Bit Axe
10:30 Man-at-Arms
13:12 Horse Collar
17:07 Scale Mail Armor
18:42 Wheelbarrow
22:51 Castle Age
22:07 Town Watch
22:23 Fletching
22:34 Padded Archer Armor
23:08 Forging
24:04 Bow Saw
25:16 Long Swordsman
27:31 Chain Mail Armor
28:24 Bodkin Arrow
28:35 Elite Skirmisher
31:20 Leather Archer Armor
30:46 Pikeman
31:26 Squires
34:01 Gold Mining
34:07 Stone Mining
34:55 Squires
37:34 Heavy Plow
39:09 Gold Shaft Mining
38:51 Hand Cart
39:14 Town Patrol
40:24 Ballistas
43:14 Imperial Age
41:29 Ballistics
41:36 Scale Barding Armor
42:54 Chain Barding Armor
43:11 Iron Casting
44:58 Chemistry
44:45 Legionary
46:30 Conscription
46:57 Halberdier
49:57 Comitatenses
49:22 Capped Ram
GorbGorb
7:44 Loom
9:50 Feudal Age
10:38 Double-Bit Axe
10:35 Horse Collar
15:49 Fletching
22:06 Castle Age
22:28 Padded Archer Armor
22:35 Crossbowman
22:44 Pikeman
23:47 Elite Skirmisher
25:28 Bow Saw
27:29 Forging
29:30 Town Watch
30:25 Wheelbarrow
32:43 Bodkin Arrow
37:06 Thumb Ring
38:41 Leather Archer Armor
42:44 Imperial Age
41:00 Light Cavalry
43:56 Bracer
44:26 Ring Archer Armor
44:21 Heavy Plow
45:00 Iron Casting
44:30 Scale Barding Armor
45:53 Chemistry
46:51 Town Patrol
47:07 Hand Cart
47:37 Conscription
49:22 Two-Man Saw
49:10 Crop Rotation
49:43 Elite Genoese Crossbowman
Connection lost

Rejoining the realm…

Still unreachable

The connection could not be restored.

Session expired

The server has moved on; the page needs a fresh start.